AoeStats
← Javier Milei

MegaRandom

505313183Analyzed
3v3 RM · 24d ago on Sep 8, 2026· 77m 29s· 6 players
Game mode
Random Map
Map size
Normal (6 player)
Population
200
Speed
Normal
Resources
Standard
Victory
Conquest
Starting age
Dark Age
Ending age
Imperial Age
RankedLock teamsTeams togetherTeam positionsShared explorationLock speedFull tech treeHidden civsTurbo modeCheats
Victory
Defeat
🇩🇪 Britons · Germany
796
+11
🇬🇧 Teutons · United Kingdom
787
+12
🇺🇸 Franks · United States
769
+12
🇪🇸 Lithuanians · Spain
763
-14
🇪🇸 Ethiopians · Spain
677
-11
🇪🇸 Britons · Spain
638
-10
Monkey
0:31 Loom
10:17 Feudal Age
10:48 Double-Bit Axe
14:04 Fishing Lines
17:01 Wheelbarrow
20:00 Castle Age
18:28 Gold Mining
19:18 Horse Collar
21:26 Bow Saw
20:56 Demolition Ship
21:59 Medium Warships
21:45 Stone Mining
22:51 Gillnets
25:25 Heavy Plow
26:38 Stone Shaft Mining
26:52 Hand Cart
28:04 Fletching
30:12 Bodkin Arrow
38:47 Imperial Age
38:50 Scale Mail Armor
39:00 Forging
40:06 Crenellations
41:05 Two-Man Saw
40:49 Crop Rotation
41:14 Elite Teutonic Knight
45:47 Ballistics
46:53 Chemistry
46:37 Iron Casting
46:18 Chain Mail Armor
52:37 Plate Mail Armor
53:07 Blast Furnace
52:22 Fortified Wall
52:26 Masonry
56:48 Padded Archer Armor
56:40 Arrowslits
KeepItSimple
10:33 Feudal Age
12:05 Double-Bit Axe
17:08 Castle Age
15:14 Double-Bit Axe
15:33 Horse Collar
17:00 Scale Barding Armor
17:12 Forging
16:54 Loom
19:20 Pikeman
24:38 Wheelbarrow
24:09 Squires
24:16 Squires
26:12 Scale Mail Armor
28:32 Bow Saw
28:45 Town Watch
30:22 Hand Cart
32:09 Heavy Plow
34:55 Fletching
35:07 Padded Archer Armor
40:29 Imperial Age
40:32 Leather Archer Armor
40:13 Bodkin Arrow
40:48 Town Patrol
42:02 Conscription
41:06 Elite Longbowman
43:16 Two-Man Saw
42:06 Elite Longbowman
43:13 Bracer
43:44 Ring Archer Armor
43:35 Chain Mail Armor
44:09 Treadmill Crane
44:51 Ballistics
44:44 Masonry
45:35 Chemistry
44:31 Murder Holes
47:26 Hoardings
48:08 Iron Casting
53:22 Warwolf
53:57 Yeomen
77:28 Spies/Treason
Outlier
1:50 Loom
11:51 Feudal Age
12:26 Double-Bit Axe
13:39 Wheelbarrow
13:04 Fishing Lines
16:57 Gold Mining
16:59 Stone Mining
21:26 Castle Age
19:11 Town Watch
22:27 Forging
22:24 Scale Barding Armor
22:31 Husbandry
23:03 Bow Saw
24:14 Iron Casting
25:33 Chain Barding Armor
29:40 Hand Cart
32:45 Gold Shaft Mining
37:49 Imperial Age
38:18 Town Patrol
38:41 Squires
38:27 Arson
38:07 Cavalier
38:39 Capped Ram
39:44 Fervor
40:36 Blast Furnace
40:13 Plate Barding Armor
39:28 Fletching
39:48 Caravan
39:52 Pikeman
41:03 Sanctity
41:38 Scale Mail Armor
42:43 Conscription
42:25 Chivalry
45:41 Chemistry
45:02 Ballistics
44:44 Gillnets
46:20 Elite Throwing Axeman
47:32 Halberdier
49:11 #83
49:33 Paladin
51:07 Hoardings
50:57 Masonry
50:43 Murder Holes
50:56 Herbal Medicine
50:59 Bodkin Arrow
51:44 Medium Warships
54:07 Chain Mail Armor
54:24 Architecture
60:11 Light Cavalry
64:42 Elite Throwing Axeman
76:50 Spies/Treason
hectorfoot
11:17 Loom
13:29 Feudal Age
14:11 Fishing Lines
20:04 Forging
19:55 Padded Archer Armor
19:46 Fletching
23:54 Castle Age
22:03 Arson
24:25 Scale Mail Armor
24:54 Crossbowman
26:09 Gillnets
28:29 Thumb Ring
31:03 Ballistics
30:39 Murder Holes
38:11 Royal Heirs
38:54 Iron Casting
38:35 Leather Archer Armor
40:33 Bodkin Arrow
40:55 Squires
47:23 Chain Mail Armor
53:31 Imperial Age
56:06 Chemistry
59:11 Conscription
58:26 Elite Shotel Warrior
60:18 Arbalester
62:43 Blast Furnace
62:22 Plate Mail Armor
62:58 Wheelbarrow
64:22 Halberdier
65:53 Bracer
69:16 Ring Archer Armor
Javier Milei
0:27 Loom
11:07 Feudal Age
17:16 Man-at-Arms
25:28 Castle Age
24:05 Scale Mail Armor
24:13 Double-Bit Axe
24:13 Horse Collar
27:03 Pikeman
27:46 Squires
28:25 Wheelbarrow
28:51 Husbandry
29:18 Heavy Plow
29:56 Forging
32:24 Iron Casting
39:15 Bow Saw
38:58 Stone Mining
38:59 Gold Mining
42:02 Hand Cart
43:41 Chain Mail Armor
tHe ChArLyEr
7:14 Loom
10:18 Feudal Age
16:02 Bloodlines
24:41 Castle Age
23:39 Man-at-Arms
24:06 Arson
24:55 Double-Bit Axe
24:54 Horse Collar
27:57 Stone Mining
27:59 Gold Mining
29:53 Light Cavalry
30:34 Husbandry
31:13 Hill Forts
35:23 Wheelbarrow
34:34 Town Watch
37:20 Forging
37:16 Scale Barding Armor
41:02 Imperial Age
41:52 Hand Cart
41:38 Town Patrol
42:17 Iron Casting
42:03 Chain Barding Armor
42:47 Conscription
41:53 Elite Leitis
43:10 Hoardings
43:05 Bow Saw
42:58 Heavy Plow
44:40 Chemistry
44:01 Ballistics
43:27 Treadmill Crane
43:45 Murder Holes
44:48 Tower Shields
48:45 Crop Rotation
49:18 Two-Man Saw
48:12 Heated Shot
48:38 Masonry
48:59 Padded Archer Armor
48:50 Fletching
49:24 Elite Cannon Galleon
58:07 Cavalier
68:27 Medium Warships
68:53 Squires
Connection lost

Rejoining the realm…

Still unreachable

The connection could not be restored.

Session expired

The server has moved on; the page needs a fresh start.